 Dungeon Crawl Stone Soup version 0.31-a0-217-g58bb5d79cf (webtiles) character file.

Game seed: 5386567116064780393

552 qw the Chopper (level 7, -14/43 HPs)
             Began as a Gargoyle Fighter on July 2, 2023.
             Killed from afar by an oklob plant (29 damage)
             ... with a splash of acid
             ... on level 5 of the Dungeon.
             The game lasted 00:01:47 (4021 turns).

qw the Chopper (Gargoyle Fighter)                   Turns: 4021, Time: 00:01:48

Health: -14/43     AC: 11    Str: 22    XL:     7   Next: 29%
Magic:  7/7        EV:  8    Int:  8    God:
Gold:   297        SH:  4    Dex:  9    Spells: 6/6 levels left

rFire   . . .        Y - +1 war axe (heavy)
rCold   . . .        c - +0 buckler
rNeg    + . .        a - +0 chain mail
rPois   inf          k - +0 helmet
rElec   +            b - +0 cloak
rCorr   .            f - +0 pair of gloves
SInv    .            e - +0 pair of boots
Will    .....        t - amulet of regeneration Stlth
                     (no ring)
HPRegen 1.07/turn    (no ring)
MPRegen 0.10/turn

%: no passive effects
@: corroded
A: sickness immunity, AC +4, negative energy resistance 1, electricity
resistance, torment resistance 1, petrification resistance
a: no special abilities


You were on level 5 of the Dungeon.
You visited 1 branch of the dungeon, and saw 5 of its levels.

You collected 297 gold pieces.


Innate Abilities, Weirdness & Mutations

You are immune to sickness and miasma.
Your stone body is resilient. (AC +4)
You are immune to poison.
You resist negative energy. (rN+)
You are resistant to electric shocks. (rElec)
You are resistant to unholy torment.
You are immune to petrification.


   Skills:
 - Level 4.0 Fighting
 + Level 6.2 Axes
 - Level 4.2 Armour
 - Level 1.0 Dodging
 - Level 3.2 Shields


You had 6 spell levels left.
You didn't know any spells.
Your spell library was empty.

Inventory:

Hand Weapons
 l - a +0 flail
 Y - a +1 heavy war axe (weapon)
Missiles
 j - a boomerang (quivered)
Armour
 a - a +0 chain mail (worn)
 b - a +0 cloak (worn)
 c - a +0 buckler (worn)
 e - a +0 pair of boots (worn)
 f - a +0 pair of gloves (worn)
 k - a +0 helmet (worn)
Jewellery
 g - a ring of ice
 t - an amulet of regeneration (around neck)
Wands
 q - a wand of digging (6)
Scrolls
 p - 4 scrolls of teleportation
 r - a scroll of identify
Potions
 d - 2 potions of might
 i - 2 potions of heal wounds
 m - a potion of curing {unknown}
 n - a potion of enlightenment {unknown}
 s - a potion of berserk rage {unknown}

Dungeon Overview and Level Annotations

Branches:
Dungeon (5/15)
 Temple: D:4-7

Altars:
Fedhas
The Shining One

Annotations:
D:2 1 runed translucent door, Crazy Yiuf
D:5 exclusion: oklob plant


Message History

You hit the fungus.
The fungus begins to die.
Enter note:
Enter note: You enter the shallow water.
Moving in this stuff is going to be slow.
A nearby fungus withers and dies. x2
Enter note:
Enter note:
Enter note:
Enter note:
Enter note:
Enter note: The oklob plant spits acid at you.
The splash of acid hits you!
Enter note:
Enter note:
Enter note:
Enter note:
Enter note:
Enter note: The oklob plant spits acid at you.
The splash of acid hits you! The acid corrodes you!
The oklob plant spits acid at you. The splash of acid hits you!
Enter note:
Enter note:
Enter note:
Enter note:
Enter note:
Enter note:
Enter note:
Enter note: The oklob plant spits acid at you.
The splash of acid hits you. The acid corrodes you!
You hit the oklob plant but do no damage.
You slash the plant!
The plant begins to die.
You completely miss the fungus. The oklob plant spits acid at you.
The splash of acid hits you!!
Ouch! That really hurt!
You die... ################# PPP#PPP.PPP#PPP.## PPP.PPP#PPPPP.P@P#P# P

##PPP#P#PP#P....P.#
#P#PP#P.P#..#.PPP..##
P#PP#P.P......#PPPPP#
PP##P..~~.~~..##PPP.#
P#PPP.~~~.~~~..P#PPP#
#P...~~~~.~~~~P..P..#
PP#P~~~~~.~~~~~.PPP.#
P#P.~~~~...~~~~.P.#.#


You could see an oklob plant.

Vanquished Creatures
  Grinder (D:3)
  An ice beast (D:5)
  A jelly (D:3)
  An orc priest (D:4)
  An orc wizard (D:4)
  7 adders
  A worm (D:4)
  3 dart slugs
  17 orcs
  6 ball pythons
  7 bats
  9 endoplasms
  2 giant cockroaches
  7 hobgoblins
  2 jackals (D:3)
  4 kobolds
  A quokka (D:1)
  A frilled lizard (D:2)
  9 goblins
  9 rats
90 creatures vanquished.

Notes
Turn   | Place    | Note
-------+----------+-------------------------------------------
     0 | D:1      | qw the Gargoyle Fighter began the quest for the Orb.
     0 | D:1      | Reached XP level 1. HP: 14/14 MP: 1/1
     0 | D:1      | 0 ||| qw: Version: 0.3-a-40-ge99b1a8
     0 | D:1      | 0 ||| qw: Game counter: 8038
     0 | D:1      | 0 ||| qw: Melee chars always use a shield: true
     0 | D:1      | 0 ||| qw: God list: Okawaru
     0 | D:1      | 0 ||| qw: Allow faded altars: false
     0 | D:1      | 0 ||| qw: Do Orc after clearing Dungeon:15 true
     0 | D:1      | 0 ||| qw: Do second Lair branch before Depths: true
     0 | D:1      | 0 ||| qw: Lair rune preference: random
     0 | D:1      | 0 ||| qw: Goals: Normal, Zot:1-4, Slime:5, God:TSO, Crypt,
                  | Tomb, Abyss, Pan, Hells, Win
     0 | D:1      | 0 ||| PLANNING D:1-11
    68 | D:1      | Reached skill level 2 in Axes
   202 | D:1      | Reached XP level 2. HP: 17/19 MP: 2/2
   403 | D:1      | 403 ||| Stepping ~*~*~tactically~*~*~ (stealth).
   406 | D:1      | Found a faded altar of an unknown god.
   409 | D:1      | Noticed a floating eye
   409 | D:1      | Noticed a floating eye
   410 | D:1      | Noticed a shining eye
   410 | D:1      | Noticed a shining eye
   629 | D:1      | Reached skill level 3 in Axes
   735 | D:1      | Reached XP level 3. HP: 22/23 MP: 3/3
   866 | D:1      | 866 ||| Stepping ~*~*~tactically~*~*~ (hiding).
   992 | D:1      | 992 ||| UPGRADING to +0 helmet.
   997 | D:1      | 997 ||| READING scroll labelled UHACWO CYBEC.
   998 | D:1      | 998 ||| READING scroll labelled UHAMYINKUMN.
   999 | D:1      | 999 ||| READING scroll labelled MUXKYS TADIMI.
  1000 | D:1      | 1000 ||| READING scroll labelled URO ICZUOPSIA.
  1001 | D:1      | 1001 ||| READING scroll labelled VIXZIT FOJYKK.
  1006 | D:1      | 1006 ||| READING scroll labelled NOUDWACEAH.
  1167 | D:2      | 1167 ||| Stepping ~*~*~tactically~*~*~ (hiding).
  1391 | D:2      | 1391 ||| DROPPING +0 club.
  1567 | D:2      | 1567 ||| Stepping ~*~*~tactically~*~*~ (stealth).
  1603 | D:2      | 1603 ||| Stepping ~*~*~tactically~*~*~ (stealth).
  1613 | D:2      | Reached XP level 4. HP: 28/28 MP: 4/4
  1858 | D:2      | Reached skill level 4 in Axes
  1982 | D:2      | Found a runed translucent door.
  1983 | D:2      | Noticed Crazy Yiuf
  2298 | D:2      | 2298 ||| UPGRADING to +0 chain mail.
  2308 | D:2      | 2308 ||| DROPPING +0 scale mail.
  2309 | D:2      | 2309 ||| UPGRADING to +0 pair of boots.
  2314 | D:2      | 2314 ||| UPGRADING to +0 pair of gloves.
  2319 | D:2      | 2319 ||| READING scroll labelled XEYMAU SASCHUIP.
  2320 | D:2      | 2320 ||| READING scroll labelled RELOAX KICSUE.
  2321 | D:2      | 2321 ||| DRINKING 2 purple potions.
  2437 | D:3      | Reached XP level 5. HP: 32/32 MP: 5/5
  2439 | D:3      | 2439 ||| Stepping ~*~*~tactically~*~*~ (hiding).
  2440 | D:3      | 2440 ||| Stepping ~*~*~tactically~*~*~ (hiding).
  2480 | D:3      | 2480 ||| Stepping ~*~*~tactically~*~*~ (stealth).
  2486 | D:3      | 2486 ||| Stepping ~*~*~tactically~*~*~ (stealth).
  2538 | D:3      | Noticed Grinder
  2539 | D:3      | 2539 ||| Stepping ~*~*~tactically~*~*~ (hiding).
  2546 | D:3      | Paralysed by Grinder for 2 turns
  2552 | D:3      | 2552 ||| Stepping ~*~*~tactically~*~*~ (hiding).
  2554 | D:3      | 2554 ||| Stepping ~*~*~tactically~*~*~ (hiding).
  2561 | D:3      | Killed Grinder
  2562 | D:3      | Reached skill level 6 in Axes
  2562 | D:3      | Reached XP level 6. HP: 37/37 MP: 6/6
  2724 | D:3      | 2724 ||| Stepping ~*~*~tactically~*~*~ (hiding).
  2954 | D:3      | Found a glowing golden altar of the Shining One.
  3143 | D:3      | 3143 ||| READING scroll labelled TIG WATROG.
  3144 | D:3      | 3144 ||| READING 2 scrolls labelled KECINLI FAADD.
  3145 | D:3      | 3145 ||| READING scroll labelled TUOGUN INTINY.
  3146 | D:3      | 3146 ||| DROPPING scroll of blinking.
  3248 | D:4      | 3248 ||| DROPPING +0 whip.
  3376 | D:4      | 3376 ||| Stepping ~*~*~tactically~*~*~ (hiding).
  3377 | D:4      | 3377 ||| Stepping ~*~*~tactically~*~*~ (hiding).
  3378 | D:4      | 3378 ||| Stepping ~*~*~tactically~*~*~ (hiding).
  3610 | D:4      | Reached XP level 7. HP: 42/43 MP: 7/7
  3832 | D:4      | Reached skill level 1 in Dodging
  3877 | D:4      | 3877 ||| UPGRADING to +0 cloak.
  3882 | D:4      | 3882 ||| UPGRADING to amulet of regeneration.
  3887 | D:4      | 3887 ||| READING scroll labelled KIFRUI LAESMI.
  3888 | D:4      | 3888 ||| READING 2 scrolls of identify.
  3888 | D:4      | 3888 ||| IDENTIFYING smoky ruby potion
  3889 | D:4      | 3889 ||| DROPPING potion of ambrosia.
  3910 | D:5      | Entered Level 5 of the Dungeon
  3982 | D:5      | Found a blossoming altar of Fedhas.
  4003 | D:5      | Noticed an oklob plant
  4021 | D:5      | Killed from afar by an oklob plant

Levels and vault maps discovered:
D:1:      heliophobic_arrival_dark_side_of_the_moon, layout_loops_corners,
          hellmonk_ecumenical_altar_watching_god,
          nicolae_concentric_dashed_squares_wild, minmay_misc_feat_nine_boxes,
          minivault_11, hangedman_decor_points
D:2:      layout_basic, uniq_crazy_yiuf_cottage
D:3:      layout_loops_ring, mainiacjoe_overflow_boulevard, uniq_grinder
D:4:      layout_rooms, grunt_decor_arrowhead
D:5:      layout_rooms, tgw_fedhas, minmay_temple_entry_trees,
          serial_bayou_ford_a, chequers_serial_rivers_micro_e, st_stairs_2

Skill      XL: |  1  2  3  4  5  6  7 |
---------------+----------------------+-----
Axes           | 2 3 4 6 |  6.2
Fighting       | 4 |  4.0
Dodging        | 1 |  1.0
Armour         | 4 |  4.2
Shields        | |  3.2

Action                     |  1- 3 |  4- 6 |  7- 9 || total
---------------------------+-------+-------+-------++-------
  Melee: War axe           |   102 |    90 |    19 ||   211
  Throw: Boomerang         |       |     3 |    14 ||    17
    Use: Scroll            |     6 |     5 |     2 ||    13
         Potion            |       |     1 |       ||     1
 Armour: Scale mail        |    58 |     8 |       ||    66
         Chain mail        |       |    89 |    13 ||   102
  Dodge: Dodged            |    51 |    51 |     8 ||   110
  Block: Buckler           |    13 |    26 |     4 ||    43

Table legend:
 A = Non-vault XP
 B = Vault XP
 C = Vault XP percentage of total XP
 D = Non-vault monster count
 E = Vault monster count
 F = Vault count percentage of total count
                 A         B        C        D         E       F
            +---------+---------+-------+---------+---------+-------
      Total |     485 |     304 |  38.5 |      89 |       1 |   1.1
            +---------+---------+-------+---------+---------+-------
        D:1 |      40 |       0 |   0.0 |      20 |       0 |   0.0
        D:2 |      59 |       0 |   0.0 |      24 |       0 |   0.0
        D:3 |     112 |     304 |  73.1 |      17 |       1 |   5.6
        D:4 |     133 |       0 |   0.0 |      23 |       0 |   0.0
        D:5 |     141 |       0 |   0.0 |       5 |       0 |   0.0
            +---------+---------+-------+---------+---------+-------
